 Dungeon Crawl Stone Soup version 0.17.1-2-g5865329 (webtiles) character file.

32454 inmateoo the Destroyer (level 13, -2/85 HPs)
             Began as an Octopode Conjurer on Feb 4, 2016.
             Was a High Priest of Vehumet.
             Slain by a griffon (9 damage)
             ... on level 7 of the Lair of Beasts on Feb 5, 2016.
             The game lasted 00:51:02 (21043 turns).

inmateoo the Destroyer (Octopode Conjurer)         Turns: 21043, Time: 00:51:02

Health: -2/85      AC:  1    Str: 11    XL:     13   Next: 64%
Magic:  0/25       EV: 20    Int: 21    God:    Vehumet [*****.]
Gold:   1302       SH:  0    Dex: 13    Spells: 7 memorised, 1 level left

rFire  . . .     SeeInvis .     F - +4 trident (freeze)
rCold  . . .     Clarity  .     (no shield)
rNeg   . . .     SustAt   .     (helmet restricted)
rPois  +         Gourm    .     m - amulet of guardian spirit
rElec  .         Spirit   +     v - +3 ring of evasion
rCorr  .         Warding  .     w - ring of wizardry
rMut   .         Stasis   .     p - +3 ring of strength
MR     .....                    (no ring)
Stlth  ++++++....               (no ring)
                                (no ring)
                                (no ring)
                                (no ring)

@: not resistant to hostile enchantments, very stealthy
A: almost no armour, amphibious, 8 rings, constrict 8, camouflage 1, breathe
flames 1, mutation resistance 1, poison resistance, wild magic 1, gelatinous
body 1
a: Renounce Religion, Breathe Fire


You were on level 7 of the Lair of Beasts.
You worshipped Vehumet.
Vehumet was extremely pleased with you.
You were not hungry.

You visited 2 branches of the dungeon, and saw 18 of its levels.
You visited the Abyss 1 time.
You also visited: Ice Cave and Volcano.

You collected 1302 gold pieces.

Inventory:

Hand Weapons
 F - a +4 trident of freezing (weapon)
Armour
 k - a +2 shield of protection
Jewellery
 m - an amulet of guardian spirit (around mantle)
 p - a +3 ring of strength (on tentacle)
 v - a +3 ring of evasion (left tentacle)
 w - a ring of wizardry (right tentacle)
 A - an uncursed ring of teleportation
Wands
 l - a wand of frost (24)
 n - a wand of magic darts (16)
 r - a wand of disintegration (2)
 B - a wand of slowing (5)
 H - a wand of disintegration (11)
 L - a wand of fireball (9)
 P - a wand of teleportation (2)
 Q - a wand of polymorph (13)
Scrolls
 d - 2 scrolls of enchant weapon
 e - 6 scrolls of amnesia
 q - 10 scrolls of remove curse
 s - 3 scrolls of teleportation
 t - 3 scrolls of recharging
 C - 5 scrolls of identify
 E - 2 scrolls of blinking
 K - a scroll of magic mapping
Potions
 c - 4 potions of might
 g - a potion of cure mutation
 h - 2 potions of brilliance
 j - 2 potions of curing
 u - a potion of berserk rage
 x - a potion of flight
 D - a potion of invisibility
 O - a potion of cancellation
Books
 a - a book of Conjurations

   Spells                             Type                      Level
   a - Magic Dart                     Conjuration                  1
   b - Searing Ray                    Conjuration                  2
   c - Dazzling Spray                 Conjuration/Hexes            3
   d - Fulminant Prism                Conjuration/Hexes            4
   e - Iskenderun's Mystic Blast      Conjuration                  4
   f - Iskenderun's Battlesphere      Conjuration/Charms           5
 o - a Young Poisoner's Handbook

   Spells                             Type                      Level
   a - Sting                          Conjuration/Poison           1
   b - Cure Poison                    Poison                       2
   c - Mephitic Cloud                 Conjuration/Poison/Air       3
   d - Olgreb's Toxic Radiance        Poison                       4
   e - Venom Bolt                     Conjuration/Poison           5
 y - a Fen Folio

   Spells                             Type                      Level
   a - Corpse Rot                     Necromancy                   2
   b - Stone Arrow                    Conjuration/Earth            3
   c - Leda's Liquefaction            Hexes/Earth                  4
   d - Summon Forest                  Summoning/Translocation      5
   e - Hydra Form                     Transmutation                6
   f - Summon Hydra                   Summoning                    7
 z - a book of Alchemy

   Spells                             Type                      Level
   a - Sublimation of Blood           Necromancy                   2
   b - Ignite Poison                  Fire/Transmutation/Poison    3
   c - Alistair's Intoxication        Transmutation/Poison         4
   d - Condensation Shield            Ice                          4
   e - Petrify                        Transmutation/Earth          4
   f - Irradiate                      Conjuration/Transmutation    5
 G - a book of the Sky

   Spells                             Type                      Level
   a - Summon Lightning Spire         Summoning/Air                4
   b - Airstrike                      Air                          4
   c - Silence                        Hexes/Air                    5
   d - Deflect Missiles               Charms/Air                   6
   e - Conjure Ball Lightning         Conjuration/Air              6
   f - Tornado                        Air                          9
 I - an Akashic Record

   Spells                             Type                      Level
   a - Dispersal                      Translocation                6
   b - Malign Gateway                 Summoning/Translocation      7
   c - Disjunction                    Translocation                8
   d - Controlled Blink               Translocation                8
Comestibles
 b - 14 bread rations
 f - 2 meat rations
 i - 2 slices of pizza
 M - 8 chunks of flesh
 N - 7 fruits


   Skills:
 + Level 6.8 Fighting
 + Level 7.1 Polearms
 - Level 9.0 Dodging
 - Level 10.0 Stealth
 + Level 1.4 Shields
 + Level 8.3 Spellcasting
 * Level 12.8 Conjurations
 - Level 6.2 Charms
 * Level 6.4 Fire Magic


You had one spell level left.
You knew the following spells:

 Your Spells              Type           Power        Failure   Level  Hunger
a - Magic Dart            Conj           ####         1%          1    None
b - Searing Ray           Conj           ######       1%          2    None
c - Dazzling Spray        Conj/Hex       ######..     1%          3    None
d - Iskenderun's Mystic   Conj           #######.     1%          4    ###....
e - Iskenderun's Battles  Conj/Chrm      ######..     1%          5    #####..
f - Bolt of Magma         Conj/Fire/Erth ######....   3%          5    #####..
g - Orb of Destruction    Conj           #######...   8%          7    #######


Dungeon Overview and Level Annotations

Branches:
Dungeon (11/15)            Temple (0/1) D:5            Lair (7/8) D:10
  Swamp (0/4) Lair:4       Spider (0/4) Lair:3        Slime (0/6) Lair:6
    Orc (0/4) D:10

Altars:
Ashenzari
Dithmenos
Elyvilon
Fedhas
Nemelex Xobeh
Sif Muna
Vehumet
The Shining One

Shops:
D:5 ?

Portals:
Trove: D:10 (show abyssal rune of Zot)

Annotations:
D:11 exclusions: cyclops and 2 sheep


Innate Abilities, Weirdness & Mutations

You cannot wear most types of armour.
You are amphibious.
You can wear up to eight rings at the same time.
You can use your tentacles to constrict eight enemies at once.
Your skin changes colour to match your surroundings (Stealth).
Your rubbery body absorbs attacks (AC +1).
You can breathe flames.
You are somewhat resistant to further mutation.
Your system is resistant to poisons.
Your spells are a little harder to cast, but a little more powerful.


Message History

Press: ? - help, Shift-Dir - straight line, f/p - griffon
Aim: a griffon (severely wounded)
The magic dart hits the griffon.
The griffon is severely wounded.
Your battlesphere fires!
The barrage of energy hits the griffon.
The griffon is severely wounded.
Unknown command.
Evoke which item? (* to show all) (? for menu, Esc to quit)
You draw a card...
It is the Hammer.
The deck of cards glows slightly and disappears.
You have drawn the Hammer.
Press: ? - help, Shift-Dir - straight line, f - fire drake, p - griffon
Aim: a fire drake (lightly wounded)
The stone arrow hits the griffon.
The griffon is almost dead.
The griffon bites you!
* * * LOW HITPOINT WARNING * * *
The griffon pecks you!
You die...

### ### ####P## ##.##### ###
###.P#..######...#..###.##
##.........##P............##
##................†.......†.####
##...........#.P.*.........†#†...
#......†.........................
.............###.........[.......
#..#..†††.....##@H..k........P..#
.###..........##...........%.####
# #..........##.#...##....##.#
#.#.#PP'#########.##..P.# ##
######..# ##.....### .# ###.....#
##.P.....P##. . #.....#.#
#PP......##...# ## #.P...#####
#.............# ...##........#
###..............


You could see a griffon and a fire drake.

Vanquished Creatures
  Harold (Lair:4)
  5 hydras
  A hill giant (D:10)
  3 wolf spiders (Lair:3)
  4 elephants
  2 ice statues (IceCv)
  2 black mambas
  13 spiny frogs
  A centaur skeleton (D:9)
  5 fire drakes
  6 komodo dragons
  A polar bear (Lair:3)
  A two-headed ogre (D:9)
  3 blink frogs (Lair:7)
  A redback (Lair:3)
  A spriggan (D:9)
  A deep elf mage (D:10)
  A basilisk (Lair:1)
  29 yaks
  Grum (D:9)
  A fire bat (Volcano)
  6 hippogriffs
  17 wolves
  3 wargs (D:10)
  5 water moccasins
  9 porcupines
  3 orc warriors
  9 ice beasts
  A spider (Lair:3)
  A black bear (D:10)
  A necrophage (D:10)
  3 phantoms
  4 ogres
  8 crocodiles
  16 giant frogs
  2 big kobolds
  A gnoll sergeant (D:9)
  2 scorpions
  13 wights
  6 killer bees (D:8)
  5 crimson imps
  A centaur zombie (D:8)
  2 giant frog zombies (D:7)
  5 orc wizards
  3 hounds
  7 iguanas
  5 jellies
  6 orc priests
  6 worker ants
  A killer bee zombie (D:9)
  6 hell rats (Lair:4)
  7 sheep (Lair:5)
  A hound zombie (D:8)
  2 hound skeletons
  2 worker ant zombies
  13 adders
  9 gnolls
  52 river rats
  3 shadow imps
  12 white imps (Lair:5)
  3 oozes (Lair:6)
  3 adder skeletons
  3 worms
  7 giant geckos
  29 orcs
  8 bats
  5 giant cockroaches
  5 goblins
  7 hobgoblins
  8 jackals
  8 quokkas
  3 ball pythons
  4 giant newts
  A jackal skeleton (D:5)
  13 kobolds
  2 quokka skeletons
  23 rats
  2 fungi (Lair:7)
  A plant (Lair:7)
476 creatures vanquished.

Vanquished Creatures (others)
  A butterfly (Lair:6)
  8 fungi
  2 plants
11 creatures vanquished.

Grand Total: 487 creatures vanquished

Notes
Turn   | Place    | Note
--------------------------------------------------------------
     0 | D:1      | inmateoo the Octopode Conjurer began the quest for the Orb.
     0 | D:1      | Reached XP level 1. HP: 11/11 MP: 3/3
   145 | D:1      | Reached XP level 2. HP: 17/17 MP: 0/5
   194 | D:1      | Learned a level 2 spell: Searing Ray
   390 | D:1      | Found a blossoming altar of Fedhas.
   734 | D:2      | Found a faded altar to an unknown god.
   753 | D:2      | Reached XP level 3. HP: 21/21 MP: 3/6
   812 | D:2      | Cast into the Abyss (a distortion unwield)
   838 | D:2      | Escaped the Abyss
  1599 | D:3      | Reached skill level 5 in Conjurations
  1599 | D:3      | Reached XP level 4. HP: 21/27 MP: 3/7
  1702 | D:3      | Found a blossoming altar of Fedhas.
  2304 | D:3      | Reached XP level 5. HP: 20/31 MP: 2/8
  2360 | D:3      | Learned a level 3 spell: Dazzling Spray
  2691 | D:4      | Found a radiant altar of Vehumet.
  2936 | D:4      | Became a worshipper of Vehumet
  3471 | D:5      | Entered Level 5 of the Dungeon
  3567 | D:5      | Found a staircase to the Ecumenical Temple.
  3578 | D:5      | Noticed a phantom
  3657 | D:5      | Reached XP level 6. HP: 33/36 MP: 10/10
  3697 | D:5      | Killed a phantom
  3732 | D:5      | Learned a level 4 spell: Iskenderun's Mystic Blast
  3773 | D:5      | Found Orronaps's Magic Scroll Shoppe.
  3929 | D:5      | Reached skill level 6 in Conjurations
  3980 | D:5      | Reached skill level 5 in Stealth
  4211 | D:5      | Found a shadowy altar of Dithmenos.
  4338 | D:6      | Reached XP level 7. HP: 41/41 MP: 4/12
  4510 | D:6      | Found a shattered altar of Ashenzari.
  4696 | D:6      | Reached * piety under Vehumet
  4696 | D:6      | Offered knowledge of Flame Tongue by Vehumet.
  5144 | D:6      | Reached skill level 7 in Conjurations
  5385 | D:6      | Reached XP level 8. HP: 46/46 MP: 11/13
  5773 | D:7      | Found a white marble altar of Elyvilon.
  5977 | D:7      | Found a deep blue altar of Sif Muna.
  5987 | D:7      | Learned a level 5 spell: Iskenderun's Battlesphere
  6263 | D:7      | Reached skill level 1 in Charms
  6271 | D:7      | Found a glowing golden altar of the Shining One.
  6644 | D:8      | Found a sparkling altar of Nemelex Xobeh.
  6688 | D:8      | Reached skill level 8 in Conjurations
  6854 | D:8      | Gained mutation: Your spells are a little harder to cast, but a little more powerful. [potion of mutation]
  6854 | D:8      | Gained mutation: You can breathe flames. [potion of mutation]
  6854 | D:8      | Gained mutation: You are somewhat resistant to further mutation. [potion of mutation]
  6898 | D:8      | Reached skill level 5 in Dodging
  6898 | D:8      | Reached XP level 9. HP: 45/51 MP: 2/16
  7028 | D:8      | Reached ** piety under Vehumet
  7056 | D:8      | Offered knowledge of Sting by Vehumet.
  7520 | D:8      | Reached skill level 5 in Spellcasting
  8138 | D:9      | Reached skill level 9 in Conjurations
  8225 | D:9      | Offered knowledge of Mephitic Cloud by Vehumet.
  8401 | D:9      | Reached skill level 1 in Fighting
  8805 | D:9      | Reached *** piety under Vehumet
  8805 | D:9      | Reached skill level 1 in Polearms
  8853 | D:9      | Noticed a centaur skeleton
  8867 | D:9      | Killed a centaur skeleton
  8867 | D:9      | Reached XP level 10. HP: 46/60 MP: 5/18
  9140 | D:9      | Noticed Grum
  9149 | D:9      | Killed Grum
  9307 | D:9      | Found a shadowy altar of Dithmenos.
  9371 | D:9      | Offered knowledge of Throw Icicle by Vehumet.
  9404 | D:9      | Reached skill level 10 in Conjurations
  9885 | D:10     | Entered Level 10 of the Dungeon
 10003 | D:10     | Reached **** piety under Vehumet
 10123 | D:10     | Found a staircase to the Orcish Mines.
 10145 | D:10     | Found a staircase to the Lair.
 10352 | D:10     | Reached XP level 11. HP: 54/67 MP: 8/20
 10427 | D:10     | Noticed a vault guard
 10800 | D:10     | Noticed a hill giant
 10809 | D:10     | Killed a hill giant
 10809 | D:10     | Reached skill level 5 in Charms
 11134 | D:10     | Found a portal to a secret trove of treasure.
 11361 | Lair:1   | Entered Level 1 of the Lair of Beasts
 11527 | Lair:1   | Offered knowledge of Fireball by Vehumet.
 11946 | Lair:1   | Reached skill level 10 in Stealth
 12339 | Lair:1   | Noticed a five-headed hydra
 12562 | Lair:1   | Killed a five-headed hydra
 12823 | Lair:2   | Reached skill level 11 in Conjurations
 13493 | Lair:2   | Reached skill level 5 in Polearms
 13655 | Lair:2   | Reached ***** piety under Vehumet
 13780 | Lair:2   | Reached XP level 12. HP: 76/76 MP: 15/22
 13882 | Lair:2   | Offered knowledge of Bolt of Magma by Vehumet.
 13901 | Lair:2   | Learned a level 5 spell: Bolt of Magma
 14010 | Lair:3   | Reached skill level 5 in Fighting
 14072 | Lair:3   | Reached skill level 1 in Fire Magic
 14377 | Lair:3   | Found a dark tunnel.
 14387 | Volcano  | Entered a volcano
 16436 | Lair:3   | Found a hole to the Spider Nest.
 16440 | Lair:3   | Reached skill level 12 in Conjurations
 16528 | Lair:4   | Noticed Harold
 16540 | Lair:4   | Killed Harold
 16901 | Lair:4   | Reached XP level 13. HP: 83/83 MP: 13/24
 16926 | Lair:4   | Found a staircase to the Swamp.
 17391 | Lair:4   | Offered knowledge of Orb of Destruction by Vehumet.
 17400 | Lair:4   | Learned a level 7 spell: Orb of Destruction
 17816 | Lair:5   | You fall through a shaft for 2 floors!
 17822 | Lair:7   | Reached skill level 5 in Fire Magic
 18128 | Lair:6   | Found a staircase to the Slime Pits.
 18261 | Lair:5   | Found a frozen archway.
 18288 | IceCv    | Entered an ice cave
 19898 | Lair:6   | Identified a scroll of acquirement
 20794 | Lair:7   | Reached skill level 1 in Shields
 20891 | Lair:7   | Gained mutation: Your system is resistant to poisons. [potion of mutation]
 20999 | Lair:7   | HP: 4/85 [yak (8)]
 21043 | Lair:7   | Slain by a griffon

Action                   |  1- 3 |  4- 6 |  7- 9 | 10-12 | 13-15 || total
-------------------------+-------+-------+-------+-------+-------++-------
Melee: Unarmed           |    31 |     4 |       |       |       ||    35
       Quarterstaff      |       |    64 |   106 |    74 |       ||   244
       Falchion          |       |    15 |       |       |       ||    15
       Whip              |       |       |    32 |       |       ||    32
       Trident           |       |       |       |    58 |   126 ||   184
 Cast: Magic Dart        |    66 |    67 |   165 |   328 |   162 ||   788
       Searing Ray       |     1 |     7 |    17 |    29 |     7 ||    61
       Dazzling Spray    |       |     2 |    25 |    38 |    20 ||    85
       Iskenderun's Myst |       |     1 |     3 |     9 |     7 ||    20
       Iskenderun's Batt |       |       |     3 |    47 |    17 ||    67
       Bolt of Magma     |       |       |       |    17 |     6 ||    23
       Orb of Destructio |       |       |       |       |    23 ||    23
Evoke: Wand              |       |       |       |    15 |     5 ||    20
       Deck              |       |       |       |       |     4 ||     4
  Use: Scroll            |     8 |     9 |    10 |     9 |     6 ||    42
       Potion            |     1 |     1 |     2 |     5 |    16 ||    25
 Stab: Sleeping          |       |     2 |     5 |     2 |     1 ||    10
       Invisible         |       |       |     1 |     1 |       ||     2
       Distracted        |       |       |       |     1 |     1 ||     2
  Eat: Chunk             |     2 |     5 |     9 |    18 |    17 ||    51
       Royal jelly       |       |     1 |     1 |       |       ||     2
       Meat ration       |       |     1 |     1 |     4 |     2 ||     8
       Fruit             |       |       |     1 |     3 |     1 ||     5
       Beef jerky        |       |       |       |     1 |     2 ||     3
       Pizza             |       |       |       |       |     1 ||     1
